 Dungeon Crawl Stone Soup version 0.23.0-3-gf3c87f2 (webtiles) character file.

Game seed: 4024583376469578832

425 ohad the Changer (level 6, -1/38 HPs)
             Began as an Octopode Transmuter on Feb 21, 2019.
             Slain by a killer bee (9 damage)
             ... on level 4 of the Dungeon.
             The game lasted 00:07:46 (4374 turns).

ohad the Changer (Octopode Transmuter)              Turns: 4374, Time: 00:07:46

Health: -1/38      AC:  1    Str:  9    XL:     6   Next: 96%
Magic:  9/9        EV: 13    Int: 17    God:
Gold:   177        SH:  0    Dex: 13    Spells: 3/9 levels left

rFire    + . .     SeeInvis .   o - +3 dagger (venom)
rCold    . . .     Gourm    .   (no shield)
rNeg     . . .     Faith    .   (helmet restricted)
rPois    .         Spirit   .   (no amulet)
rElec    .         Reflect  .   b - ring of protection from fire
rCorr    .         Harm     .   (no ring)
MR       .....                  (no ring)
Stlth    +++.......             (no ring)
HPRegen  0.12/turn              (no ring)
MPRegen  0.11/turn              (no ring)
                                (no ring)
                                (no ring)

@: lethally poisoned (-1 -> -7), about to teleport
A: almost no armour, stealthy swim, amphibious, 8 rings, constrict 8, camouflage
1, gelatinous body 1
a: no special abilities


You were on level 4 of the Dungeon.
You were not hungry.

You visited 1 branch of the dungeon, and saw 4 of its levels.

You collected 177 gold pieces.

Inventory:

Hand Weapons
 j - a +1 whip of draining
 o - a +3 dagger of venom (weapon)
Missiles
 a - 34 arrows
 l - 8 poisoned needles
 m - 6 tomahawks (quivered)
 q - 2 throwing nets
Jewellery
 b - a ring of protection from fire (left tentacle)
 i - an uncursed amulet of the gourmand {unknown}
 n - an uncursed ring of fire
Wands
 p - a wand of clouds (3)
Scrolls
 e - 2 scrolls of remove curse {unknown}
 h - 2 scrolls of teleportation
Potions
 d - a potion of agility {unknown}
 k - 2 potions of haste
 r - a potion of magic
Comestibles
 c - 9 rations
 g - 6 chunks of flesh


   Skills:
 - Level 1.0 Fighting
 - Level 2.2 Dodging
 - Level 1.0 Stealth
 - Level 3.9 Unarmed Combat
 - Level 2.1 Spellcasting
 + Level 6.5 Transmutations


You had 3 spell levels left.
You knew the following spells:

 Your Spells              Type           Power        Failure   Level  Hunger
a - Beastly Appendage     Tmut           ###...       1%          1    #......
b - Sticks to Snakes      Tmut           ###.....     1%          2    ###....
c - Spider Form           Tmut/Pois      ##........   16%         3    ###....

Your spell library contained the following spells:

 Spells                   Type           Power        Failure   Level  Hunger
 Blade Hands              Tmut           ###.......   36%         5    ######.
 Ice Form                 Ice/Tmut       ##......     45%         4    #####..


Dungeon Overview and Level Annotations

Branches:
Dungeon (4/15)
 Temple: D:4-7

Altars:
Ru

Annotations:
D:4 Blork the orc


Innate Abilities, Weirdness & Mutations

You cannot wear most types of armour.
You are very stealthy in the water. (Stealth+)
You are amphibious.
You can wear up to eight rings at the same time.
You can use your tentacles to constrict eight enemies at once.
Your skin changes colour to match your surroundings (Stealth+).
Your rubbery body absorbs attacks. (AC +1, EV +1)


Message History

The killer bee closely misses you.
You hit the killer bee.
The killer bee looks even sicker.
The killer bee is almost dead.
You constrict the killer bee.
You kill the killer bee!
The killer bee buzzes angrily.
You hear an angry buzzing noise.
The killer bee buzzes angrily.
You see here a killer bee corpse.
As you read the scroll of teleportation, it crumbles to dust.
You feel strangely unstable. The killer bee stings you.
You are poisoned.
The killer bee poisons you!
Unknown command.
You feel better. The killer bee stings you. x2
The killer bee closely misses you. The killer bee stings you.
The killer bee stings you!
* * * LOW HITPOINT WARNING * * *
You are poisoned.
The killer bee poisons you! The killer bee stings you!
You die...

#....#
##..#.# ##.
...##..#
##.. ....
..## .#
##... ....
.## ..
#.... .....
.# #. ....
..... .###
#..##
....##
...##
#..##....y#
....#
#.@y...#
......
##.y...#
.......
###.......
.......
......#
.......
......#
......
....###
......
....#
.....# #
....#
.....# .#
....#


You could see 3 killer bees.

Vanquished Creatures
  Sigmund (D:2)
  A killer bee (D:4)
  A hound (D:4)
  Ijyb (D:3)
  8 adders
  An ooze (D:1)
  A worm (D:3)
  3 dart slugs (D:1)
  4 leopard geckos
  An orc (D:3)
  8 bats
  5 giant cockroaches
  6 goblins
  8 hobgoblins
  10 jackals
  3 quokkas
  A ball python (D:4)
  8 frilled lizards
  7 kobolds
  14 rats
92 creatures vanquished.

Notes
Turn   | Place    | Note
-------+----------+-------------------------------------------
     0 | D:1      | ohad the Octopode Transmuter began the quest for the Orb.
     0 | D:1      | Reached XP level 1. HP: 13/13 MP: 3/3
   160 | D:1      | Reached XP level 2. HP: 11/18 MP: 3/5
   789 | D:1      | Reached XP level 3. HP: 19/23 MP: 6/6
   884 | D:1      | Reached skill level 1 in Stealth
  1428 | D:2      | Reached XP level 4. HP: 9/28 MP: 5/7
  1772 | D:2      | Reached skill level 3 in Transmutations
  1827 | D:2      | Noticed Sigmund
  1834 | D:2      | Learned a level 2 spell: Sticks to Snakes
  1838 | D:2      | Learned a level 3 spell: Spider Form
  1849 | D:2      | Killed Sigmund
  1849 | D:2      | Reached skill level 5 in Transmutations
  1849 | D:2      | Reached XP level 5. HP: 27/33 MP: 5/8
  2039 | D:2      | Reached XP level 6. HP: 38/38 MP: 9/9
  2093 | D:2      | Found a sacrificial altar of Ru.
  3273 | D:3      | Noticed Ijyb
  3303 | D:3      | Killed Ijyb
  3729 | D:3      | Reached skill level 6 in Transmutations
  4007 | D:4      | Noticed an orc warrior
  4267 | D:4      | Noticed Blork the orc
  4374 | D:4      | Slain by a killer bee

Skill      XL: |  1  2  3  4  5  6 |
---------------+-------------------+-----
Stealth        | 1 |  1.0
Transmutations | 5 6 |  6.5
Fighting       | |  1.0
Dodging        | |  2.2
Unarmed Combat | |  3.9
Spellcasting   | |  2.1

Action                   |  1- 3 |  4- 6 || total
-------------------------+-------+-------++-------
Melee: Unarmed           |    82 |    65 ||   147
       Tentacles         |    10 |    14 ||    24
       Constrict         |    21 |    23 ||    44
       Kick              |    10 |     7 ||    17
       Punch             |     1 |     4 ||     5
       Dagger            |       |    53 ||    53
 Cast: Beastly Appendage |     9 |    10 ||    19
       Spider Form       |       |     6 ||     6
  Use: Scroll            |       |     5 ||     5
       Potion            |       |     2 ||     2
 Stab: Sleeping          |     9 |    15 ||    24
  Eat: Chunk             |     2 |    10 ||    12
Armor: Skin              |    12 |     7 ||    19
Dodge: Dodged            |    59 |    72 ||   131
